 Dungeon Crawl Stone Soup version 0.27-a0-1299-g1ab19c6527 (webtiles) character file.

Game seed: 5964779973157074692

37 Shayle the Chiller (level 3, -2/20 HPs)
             Began as a Gargoyle Ice Elementalist on June 16, 2021.
             Slain by Terence (5 damage)
             ... on level 2 of the Dungeon.
             The game lasted 00:06:51 (1471 turns).

Shayle the Chiller (Gargoyle Ice Elementalist)      Turns: 1471, Time: 00:06:52

Health: -2/20      AC:  6    Str: 11    XL:     3   Next: 41%
Magic:  6/6        EV: 11    Int: 16    God:
Gold:   103        SH:  0    Dex: 10    Spells: 2/6 levels left

rFire    . . .     SeeInvis .   e - +0 dagger
rCold    . . .     Faith    .   (no shield)
rNeg     + . .     Spirit   .   a - +0 robe
rPois    ∞         Reflect  .   b - +0 helmet
rElec    +         Harm     .   (no cloak)
rCorr    .         Rampage  .   (no gloves)
Will     .....                  (no boots)
Stlth    ++........             (no amulet)
HPRegen  0.06/turn              f - ring of wizardry
MPRegen  0.10/turn              (no ring)

@: freezing walls, attractive
A: sickness immunity, AC +3, negative energy resistance 1, electricity
resistance, torment resistance 1, petrification resistance
a: no special abilities


You were on level 2 of the Dungeon.
You visited 1 branch of the dungeon, and saw 2 of its levels.

You collected 103 gold pieces.

Inventory:

Hand Weapons
 e - a +0 dagger (weapon)
Armour
 a - a +0 robe (worn)
 b - a +0 helmet (worn)
Jewellery
 f - a ring of wizardry (left hand)
Scrolls
 c - 2 scrolls of amnesia {unknown}
 d - a scroll of fear {unknown}
 g - a scroll of blinking {unknown}
 l - a scroll of noise {unknown}
Potions
 h - a potion of magic
 j - a potion of might {unknown}
 k - a potion of curing {unknown}


   Skills:
 + Level 1.6 Fighting
 + Level 1.7 Armour
 - Level 1.5 Dodging
 - Level 2.1 Stealth
 - Level 2.0 Spellcasting
 + Level 4.3 Ice Magic


You had 2 spell levels left.
You knew the following spells:

 Your Spells              Type           Power      Damage    Failure   Level
a - Freeze                Ice            60%        1d8       1%          1
b - Frozen Ramparts       Ice            30%        1d5       4%          3

Your spell library contained the following spells:

 Spells                   Type           Power      Damage    Failure   Level
 Ozocubu's Armour         Ice            15%        N/A       4%          3
 Hailstorm                Conj/Ice       8%         3d4       32%         4
 Metabolic Englaciation   Hex/Ice        4%         N/A       65%         5


Dungeon Overview and Level Annotations

Branches:
Dungeon (2/15)

Altars:

Annotations:
D:2 Terence


Innate Abilities, Weirdness & Mutations

You are immune to sickness and miasma.
Your stone body is resilient. (AC +3)
You are immune to poison.
You resist negative energy. (rN+)
You are resistant to electric shocks. (rElec)
You are resistant to unholy torment.
You are immune to petrification.


Message History

Casting: Freeze (safe; 1% risk of failure)
Confirm with . or Enter, or press ? or * to list all spells.
Aiming: Freeze (safe; 1% risk of failure)
Press: ? - help, Shift-Dir - straight line, f - goblin
Aim: a goblin, wielding a +0 club (asleep)
You freeze the goblin.
You kill the goblin!
Found a stone staircase leading up.
Terence is nearby!
Casting: Freeze (safe; 1% risk of failure)
Confirm with . or Enter, or press ? or * to list all spells.
The spell is quite dangerous to cast (4% risk of failure)!
Continue anyway?
Casting: Frozen Ramparts (quite dangerous; 4% risk of failure)
Press: ? - help, Dir - look around, f - activate The walls around you are covered in ice.
Your frozen ramparts will break if you move.
Continue?
The frozen ramparts melt away as you move.
You start resting.
Magic restored.
Terence shouts!
Terence looks scornfully at you.
Casting: Frozen Ramparts (quite dangerous; 4% risk of failure)
Confirm with . or Enter, or press ? or * to list all spells.
The spell is quite dangerous to cast (4% risk of failure)!
Continue anyway?
Casting: Frozen Ramparts (quite dangerous; 4% risk of failure)
Press: ? - help, Dir - look around, f - activate The walls around you are covered in ice.
The wall freezes Terence.
Terence hits you from afar with a +0 trident!
The wall freezes Terence.
Terence hits you from afar with a +0 trident!
Ouch! That really hurt!
* * * LOW HITPOINT WARNING * * *
It was a potion of magic.
Magic courses through your body.
The wall freezes Terence.
Terence hits you but does no damage.
It was a potion of attraction.
You feel attractive to monsters.
The wall freezes Terence.
Terence hits you from afar with a +0 trident.
You die...

......#
#####.#########
..............##
#####<....###..#
..........# #<.#
#####.###.###..# #
#.###>.....#
#####..##......#####
..†.............@..#
###.#..##......###@#
###.#..##....#.# #.#
...............# #@#
###......#...### #.#
####.#.##.## #.#
#.#.##.# #.#
#.#.##.# #.#
#.#.##># ##.#


You could see Terence.

Vanquished Creatures
  A dart slug (D:2)
  A ball python (D:1)
  5 endoplasms
  2 giant cockroaches (D:1)
  3 goblins
  6 hobgoblins
  2 jackals (D:1)
  3 kobolds (D:1)
  2 frilled lizards
  6 rats
31 creatures vanquished.

Notes
Turn   | Place    | Note
-------+----------+-------------------------------------------
     0 | D:1      | Shayle the Gargoyle Ice Elementalist began the quest for
                  | the Orb.
     0 | D:1      | Reached XP level 1. HP: 10/10 MP: 3/3
   179 | D:1      | Reached XP level 2. HP: 10/16 MP: 0/5
   294 | D:1      | Reached skill level 1 in Armour
   354 | D:1      | Reached skill level 1 in Fighting
   405 | D:1      | Found a faded altar of an unknown god.
   683 | D:1      | Reached XP level 3. HP: 13/20 MP: 0/6
  1239 | D:2      | Noticed Terence
  1247 | D:2      | Learned a level 3 spell: Frozen Ramparts
  1471 | D:2      | Slain by Terence

Illustrated notes

Levels and vault maps discovered:
D:1:      dpeg_arrival_castle, layout_basic, ebering_ecumenical_altar_hall
D:2:      layout_loops_ring, uniq_terence

Skill      XL: |  1  2 |
---------------+-------+-----
Armour         | 1 |  1.7
Fighting       | 1 |  1.6
Dodging        | |  1.5
Stealth        | |  2.1
Spellcasting   | |  2.0
Ice Magic      | |  4.3

Action                   || total
-------------------------++-------
Melee: Unarmed           ||     7
       Dagger            ||    30
 Cast: Freeze            ||    37
       Frozen Ramparts   ||     2
  Use: Potion            ||     2
 Stab: Sleeping          ||     1
Armor: Robe              ||    22
Dodge: Dodged            ||    33

Table legend: (Time is in decaauts)
 A = Elapsed time spent in this place.
 B = Non-inter-level travel time spent in this place.
 C = Inter-level travel time spent in this place.
 D = Time resting spent in this place.
 E = Time spent auto-exploring this place.
 F = Levels seen in this place.
 G = Mean time per level.
                   A        B        C        D        E       F      G
               +--------+--------+--------+--------+--------+-----+--------+
         Total |   1473 |   1473 |      0 |    313 |    781 |   2 |  736.5 |
       Dungeon |   1473 |   1473 |      0 |    313 |    781 |   2 |  736.5 |
               +--------+--------+--------+--------+--------+-----+--------+

Top non-repeatable levels by time:
     D:1: 969 daAuts
     D:2: 504 daAuts
